 Dungeon Crawl Stone Soup version 0.32-a0-42-ga30500b4d3 (webtiles) character file.

Game seed: 9095763466863771699

6716 Newt the Fighter (level 11, 0/73 HPs)
             Began as a Kobold Hunter on Jan 30, 2024.
             Was an Elder of Okawaru.
             Succumbed to Erica's bolt of poison
             ... on level 8 of the Dungeon.
             The game lasted 00:12:14 (9918 turns).

Newt the Fighter (Kobold Hunter)                    Turns: 9918, Time: 00:12:15

Health: 0/73       AC: 15    Str:  9    XL:     11   Next: 23%
Magic:  11/11      EV: 21    Int: 11    God:    Okawaru [****..]
Gold:   1128       SH:  0    Dex: 22    Spells: 10/10 levels left

rFire   . . .        a - +4 shortbow
rCold   . . .        (shield currently unavailable)
rNeg    . . .        E - +0 acid dragon scales
rPois   .            F - +1 helmet
rElec   .            (no cloak)
rCorr   +            s - +1 pair of gloves
SInv    .            m - +0 pair of boots
Will    +....        (no amulet)
Stlth   +++          d - +4 ring of protection
HPRegen 0.32/turn    j - ring of flight
MPRegen 0.12/turn

%: no passive effects
@: lethally poisoned (0 -> 0), enlightened, flying
A: small, no large weapons, nightstalker 3
a: Renounce Religion, Heroism, Finesse


You were on level 8 of the Dungeon.
You worshipped Okawaru.
Okawaru was greatly pleased with you.
You visited 2 branches of the dungeon, and saw 9 of its levels.
You also visited: Sewer.

You collected 1311 gold pieces.
You spent 183 gold pieces at shops.

Inventory:

Hand Weapons
 a - a +4 shortbow (weapon)
Missiles
 z - 2 throwing nets
Armour
 c - a +0 leather armour
 m - a +0 pair of boots (worn)
 q - a +0 helmet
 s - a +1 pair of gloves (worn)
 E - +0 acid dragon scales (worn)
 F - a +1 helmet (worn)
Jewellery
 d - a +4 ring of protection (left hand)
 j - a ring of flight (right hand)
 n - a ring of resist corrosion
 B - a ring of ice
Wands
 i - a wand of charming (12)
 o - a wand of mindburst (3)
 w - a wand of quicksilver (10)
 G - a wand of roots (8)
Scrolls
 b - a scroll of butterflies
 e - 3 scrolls of identify
 p - 2 scrolls of vulnerability
 r - a scroll of amnesia
 v - a scroll of torment
 x - a scroll of poison
 y - 4 scrolls of teleportation
 A - a scroll of summoning
 D - a scroll of revelation
Potions
 f - a potion of might
 g - 4 potions of brilliance
 h - 2 potions of magic
 k - 3 potions of degeneration
 l - 2 potions of enlightenment
 t - a potion of haste
 C - a potion of cancellation


   Skills:
 + Level 10.7 Fighting
 - Level 10.5 Ranged Weapons
 * Level 10.2 Dodging
 - Level 1.3 Stealth
 - Level 9.5 Evocations


You had 10 spell levels left.
You didn't know any spells.
Your spell library contained the following spells:

 Spells                   Type           Power      Damage    Failure   Level
 Sandblast                Erth           0%         2d4       52%         1
 Cigotuvi's Dreadful Rot  Necr/Alch/Air  0%         N/A       65%         2
 Lesser Beckoning         Tloc           0%         N/A       65%         2
 Mercury Vapours          Alch/Air       0%         N/A       65%         2
 Gell's Gravitas          Tloc           0%         N/A       87%         3
 Hailstorm                Conj/Ice       0%         3d5       87%         3
 Mephitic Cloud           Conj/Alch/Air  0%         N/A       87%         3
 Passwall                 Erth           0%         N/A       87%         3
 Stone Arrow              Conj/Erth      0%         3d7       87%         3
 Teleport Other           Tloc           0%         N/A       87%         3
 Volatile Blastmotes      Fire/Tloc      0%         2d10      87%         3
 Brom's Barrelling Bould  Conj/Erth      0%         2d3       99%         4
 Fulminant Prism          Conj/Alch      0%         3d5       99%         4
 Ignite Poison            Fire/Alch      0%         N/A       99%         4
 Iskenderun's Mystic Bla  Conj/Tloc      0%         2d3       99%         4
 Freezing Cloud           Conj/Ice/Air   0%         6-21      100%        5
 Lehudib's Crystal Spear  Conj/Erth      0%         10d2      100%        8
 Summon Ice Beast         Ice/Summ       Unusable   N/A       N/A         3
 Animate Armour           Summ/Erth      Unusable   N/A       N/A         4
 Sculpt Simulacrum        Ice/Alch       Unusable   N/A       N/A         6

Dungeon Overview and Level Annotations

Branches:
Dungeon (8/15)             Temple (1/1) D:6           Sewer (visited)
   Lair: D:8-11

Altars:
Ashenzari
Cheibriados
Dithmenos
Elyvilon
Fedhas
Gozag
Kikubaaqudgha
Makhleb
Nemelex Xobeh
Okawaru
Qazlal
Ru
Sif Muna
Trog
Uskayaw
Vehumet
Wu Jian
Xom
Yredelemnul
Zin
The Shining One

Shops:
D:2 !   D:4 *

Annotations:
D:7 2 transporters, IdlyInterested's ghost, novice OpFi


Innate Abilities, Weirdness & Mutations

You are small and have problems with some larger weapons.
You are completely attuned to the shadows.


Message History

* * * LOW HITPOINT WARNING * * *
You feel very sick.
A kobold comes into view. It is wielding a +0 short sword.
A kobold brigand comes into view.
It is wielding a +0 club and quivering poisoned darts.
Your Dodging skill increases to level 10!
Unknown command.
* * * LOW HITPOINT WARNING * * *
You feel very sick. The white imp gestures at you.
The puff of frost misses you.
* * * LOW HITPOINT WARNING * * *
You feel very sick.
* * * LOW HITPOINT WARNING * * *
You feel very sick.
You feel more buoyant.
* * * LOW HITPOINT WARNING * * *
You feel very sick.
Unknown command.
* * * LOW HITPOINT WARNING * * *
You feel sick.
* * * LOW HITPOINT WARNING * * *
You feel sick.
There is an open door here.
* * * LOW HITPOINT WARNING * * *
You feel sick.
You reach down and close the door.
* * * LOW HITPOINT WARNING * * *
You feel sick.
As you read the scroll of teleportation, it crumbles to dust.
You feel strangely unstable.
* * * LOW HITPOINT WARNING * * *
You feel sick.
A kobold opens the door.
Unknown command.
* * * LOW HITPOINT WARNING * * *
You feel sick.
The white imp laughs crazily.
Unknown command.
Your surroundings suddenly seem different.
Found 2 stones.
You die...

########
+......#
#......#
#...@..#
..
#......#
...#
#......#
...#
#.....##
...'
#....(#
####
....
....
....
....


There were no monsters in sight!

Vanquished Creatures
  Erica (D:8)
  A sixfirhy (D:7)
  Pikel (D:7)
  Maggie (D:7)
  Psyche (D:8)
  Prince Ribbit (D:7)
  4 yaks (D:5)
  A wyvern (D:7)
  A steam dragon (D:6)
  4 water moccasins
  2 black bears
  A sky beast (D:7)
  A centaur (D:6)
  3 ogres
  A lemure (D:7)
  A kobold brigand (D:5)
  2 bullfrogs
  A brain worm (Sewer)
  A gnoll sergeant (D:7)
  2 scorpions
  8 wights
  6 killer bees (D:7)
  2 howler monkeys
  A quasit (D:8)
  11 orc priests
  3 jellies
  A gnoll bouda (D:8)
  2 hounds
  A sleepcap (D:5)
  7 iguanas
  10 orc wizards
  A statue (D:4)
  14 gnolls
  6 adders
  A river rat (Sewer)
  5 shadow imps
  2 ufetubi (D:8)
  A ribbon worm (D:4)
  6 dart slugs
  29 orcs
  13 bats
  7 endoplasms
  5 giant cockroaches
  2 goblins
  7 hobgoblins
  5 jackals
  6 quokkas
  11 ball pythons
  6 frilled lizards
  10 kobolds
  10 rats
230 creatures vanquished.

Notes
Turn   | Place    | Note
-------+----------+-------------------------------------------
     0 | D:1      | Newt the Kobold Hunter began the quest for the Orb.
     0 | D:1      | Reached XP level 1. HP: 12/12 MP: 1/1
   164 | D:1      | Found a faded altar of an unknown god.
   243 | D:1      | Reached XP level 2. HP: 18/18 MP: 2/2
  1083 | D:2      | Reached XP level 3. HP: 22/22 MP: 3/3
  1102 | D:2      | Found Feoni's Distillery.
  1445 | D:2      | Bought a potion of degeneration for 11 gold pieces
  1445 | D:2      | Bought a potion of heal wounds for 55 gold pieces
  1707 | D:2      | Reached XP level 4. HP: 28/28 MP: 4/4
  2527 | D:3      | Reached XP level 5. HP: 32/32 MP: 5/5
  3007 | D:4      | Reached XP level 6. HP: 30/38 MP: 6/6
  3166 | D:4      | Found a radiant altar of Vehumet.
  3454 | D:4      | Found a glowing drain.
  3459 | Sewer    | Entered a sewer
  3759 | Sewer    | Reached XP level 7. HP: 30/44 MP: 5/7
  3961 | D:4      | Identified a scroll of acquirement
  3962 | D:4      | Acquired 906 gold pieces
  4173 | D:4      | Found Rewicag's General Store.
  4183 | D:4      | Bought 2 scrolls of identify for 52 gold pieces
  4183 | D:4      | Bought a scroll of identify for 26 gold pieces
  4183 | D:4      | Bought a scroll of teleportation for 39 gold pieces
  4228 | D:4      | Reached skill level 5 in Fighting
  4552 | D:5      | Entered Level 5 of the Dungeon
  4623 | D:5      | Noticed a water moccasin
  4643 | D:5      | Killed a water moccasin
  4644 | D:5      | Reached skill level 10 in Ranged Weapons
  5020 | D:5      | Reached XP level 8. HP: 29/51 MP: 8/8
  5175 | D:5      | Identified the blade talisman of the Lich-sworn {Will+ MP+9
                  | Stlth-}
  5208 | D:5      | Reached skill level 1 in Evocations
  5255 | D:5      | Noticed a yak
  5257 | D:5      | Found a basalt altar of Yredelemnul.
  5257 | D:5      | Noticed a yak
  5258 | D:5      | Noticed a yak
  5262 | D:5      | Noticed a yak
  5266 | D:5      | Killed a yak
  5275 | D:5      | Killed a yak
  5288 | D:5      | Killed a yak
  5289 | D:5      | Reached skill level 5 in Evocations
  5294 | D:5      | Killed a yak
  5295 | D:5      | Reached XP level 9. HP: 14/57 MP: 9/9
  6511 | D:6      | Found a staircase to the Ecumenical Temple.
  6522 | Temple   | Entered the Ecumenical Temple
  6531 | Temple   | Became a worshipper of Warmaster Okawaru
  6673 | D:6      | Found a glowing silver altar of Zin.
  6675 | D:6      | Noticed an angel
  6760 | D:6      | Reached * piety under Okawaru
  7033 | D:6      | HP: 2/56 [wight/+4 flail (4)]
  7266 | D:6      | Found a broken altar of Ashenzari.
  7382 | D:6      | Found a burning altar of Makhleb.
  7481 | D:6      | Reached XP level 10. HP: 64/65 MP: 10/10
  7573 | D:6      | Found a shimmering altar of Xom.
  7878 | D:7      | Found a transporter.
  7938 | D:7      | Noticed a moth of wrath
  7951 | D:7      | Found a transporter.
  8291 | D:7      | Noticed Maggie
  8306 | D:7      | Killed Maggie
  8306 | D:7      | Reached ** piety under Okawaru
  8307 | D:7      | Reached skill level 5 in Dodging
  8345 | D:7      | Found a runed translucent door.
  8345 | D:7      | Noticed a sixfirhy
  8449 | D:7      | Found a white marble altar of Elyvilon.
  8834 | D:7      | Noticed Prince Ribbit
  8841 | D:7      | Killed Prince Ribbit
  8904 | D:7      | Noticed IdlyInterested's ghost (novice OpFi)
  9141 | D:7      | Killed a sixfirhy
  9141 | D:7      | Reached *** piety under Okawaru
  9287 | D:7      | Reached skill level 10 in Fighting
  9450 | D:8      | Noticed Pikel
  9462 | D:7      | Killed Pikel
  9504 | D:8      | Noticed Psyche
  9521 | D:8      | Reached **** piety under Okawaru
  9522 | D:8      | Reached XP level 11. HP: 53/72 MP: 11/11
  9529 | D:8      | Killed Psyche
  9900 | D:8      | Noticed Erica
  9907 | D:8      | Killed Erica
  9908 | D:8      | Reached skill level 10 in Dodging
  9914 | D:8      | HP: 3/73 [poisoned by Erica (bolt of poison)]
  9917 | D:8      | HP: 1/73 [poisoned by Erica (bolt of poison)]
  9918 | D:8      | Succumbed to Erica's bolt of poison

Illustrated notes

Levels and vault maps discovered:
D:1:      ncdulo_wetmaze, layout_loops_corners, chequers_ecumenical_altar_twisty
D:2:      minmay_angry_zag, layout_basic, serial_shops, shop,
          kennysheep_generic_room_10
D:3:      layout_basic, serial_bayou_pond_e
D:4:      layout_basic, vehumet_statue, serial_shops, shop,
          gup_sewer_entry_spiral
D:5:      layout_loops_corners, yredelemnul_altar_generic,
          lexackson_kobold_supper
D:6:      layout_gridville, grunt_temple_overflow_order_and_chaos_1,
          general_overflow_altar, lemuel_tele_altar,
          minmay_temple_entry_crystal_x
D:7:      cheibrodos_shockbox, layout_basic, mainiacjoe_overflow_tiny_flanked,
          gammafunk_ghost_berserking_beasts, uniq_prince_ribbit1, uniq_maggie
D:8:      layout_gridville, serial_demonic, serial_demonic_b, serial_demonic_e,
          serial_demonic_b, serial_demonic_d, uniq_pikel, uniq_erica,
          uniq_psyche
Temple:   nicolae_temple_ecumenical_triangle

Skill      XL: |  1  2  3  4  5  6  7  8  9 10 11 |
---------------+----------------------------------+-----
Ranged Weapons | 6 7 9 10 | 10.5
Fighting       | 3 4 5 7 8 10 | 10.7
Evocations     | 5 9 |  9.5
Dodging        | 8 10 | 10.2
Stealth        | |  1.3

Action                     |  1- 3 |  4- 6 |  7- 9 | 10-12 || total
---------------------------+-------+-------+-------+-------++-------
  Melee: Shortbow          |       |       |       |     2 ||     2
   Fire: Shortbow          |    78 |   184 |   304 |   300 ||   866
  Evoke: Wand              |       |       |     3 |     8 ||    11
    Use: Scroll            |     6 |     5 |     9 |     3 ||    23
         Potion            |     1 |     1 |     6 |     2 ||    10
 Armour: Leather armour    |     8 |    56 |    94 |    39 ||   197
         Acid dragon scale |       |       |       |    96 ||    96
  Dodge: Dodged            |    28 |    44 |   112 |   239 ||   423

Table legend: (Time is in decaauts)
 A = Elapsed time spent in this place.
 B = Non-inter-level travel time spent in this place.
 C = Inter-level travel time spent in this place.
 D = Time resting spent in this place.
 E = Time spent auto-exploring this place.
 F = Levels seen in this place.
 G = Mean time per level.
                   A        B        C        D        E       F      G
               +--------+--------+--------+--------+--------+-----+--------+
         Total |   9883 |   9568 |    315 |   1422 |   6387 |  10 |  988.3 |
       Dungeon |   9364 |   9066 |    298 |   1422 |   5987 |   8 | 1170.5 |
        Temple |     18 |      1 |     17 |      0 |      0 |   1 |   18.0 |
         Sewer |    500 |    500 |      0 |      0 |    400 |   1 |  500.0 |
               +--------+--------+--------+--------+--------+-----+--------+

Top non-repeatable levels by time:
     D:7: 1883 daAuts
     D:5: 1879 daAuts
     D:6: 1203 daAuts
     D:2: 1154 daAuts
     D:4: 1076 daAuts
     D:1: 1036 daAuts
     D:3: 812 daAuts
   Sewer: 500 daAuts
     D:8: 318 daAuts
  Temple: 18 daAuts
